 Dungeon Crawl Stone Soup version 0.25.0-37-gb73750e0fb (webtiles) character file.

Game seed: 4657711598546841292

377 Ijustatesigmund the Chopper (level 6, -9/66 HPs)
             Began as an Octopode Gladiator on July 8, 2020.
             Mangled by an ice beast (14 damage)
             ... on level 4 of the Dungeon.
             The game lasted 00:05:53 (4418 turns).

Ijustatesigmund the Chopper (Octopode Gladiator)    Turns: 4418, Time: 00:05:55

Health: -9/66      AC: 23    Str: 14    XL:     6   Next: 73%
Magic:  6/6        EV:  2    Int: 10    God:
Gold:   76         SH:  4    Dex: 15    Spells: 5/5 levels left

rFire    . . .     SeeInvis .   a - +1 war axe
rCold    . . .     Gourm    .   n - +0 buckler
rNeg     + + +     Faith    .   (helmet currently unavailable)
rPois    +         Spirit   .   (no amulet)
rElec    .         Reflect  .   (no ring)
rCorr    .         Harm     .   (no ring)
MR       .....     NoTele   +   (no ring)
Stlth    +.........             (no ring)
HPRegen  0.21/turn              (no ring)
MPRegen  0.10/turn              (no ring)
                                (no ring)
                                (no ring)

@: mighty, tree-form, hasted, very quick
A: almost no armour, stealthy swim, (amphibious), 8 rings, (constrict 8)
a: no special abilities


You were on level 4 of the Dungeon.
You were not hungry.
You were a tree.
You visited 1 branch of the dungeon, and saw 5 of its levels.

You collected 134 gold pieces.
You spent 58 gold pieces at shops.

Inventory:

Hand Weapons
 a - a +1 war axe (weapon)
Missiles
 c - 4 throwing nets (quivered)
Armour
 b - a +0 hat (melded)
 n - a +0 buckler (worn)
Scrolls
 m - 2 scrolls of remove curse
Potions
 f - 3 potions of stabbing
 g - a potion of cancellation
 h - a potion of haste
 j - a potion of magic
 k - a potion of lignification
Comestibles
 d - 12 rations


   Skills:
 + Level 4.6 Fighting
 + Level 5.2 Axes
 - Level 2.0 Throwing
 - Level 3.6 Dodging
 + Level 1.2 Shields


You had 5 spell levels left.
You didn't know any spells.
Your spell library was empty.

Dungeon Overview and Level Annotations

Branches:
Dungeon (5/15)
 Temple: D:4-7

Altars:
Elyvilon
Nemelex Xobeh
Trog
Wu Jian
Zin

Shops:
D:4 [

Annotations:
D:2 Sigmund


Innate Abilities, Weirdness & Mutations

You cannot wear most types of armour.
You are very stealthy in the water. (Stealth+)
((You are amphibious.))
You can wear up to eight rings at the same time.
((You can use your tentacles to constrict eight enemies at once.))
((Your skin changes colour to match your surroundings (Stealth+).))
((Your rubbery body absorbs attacks. (AC +1, EV +1)))


Message History

The centaur hits you but does no damage.
The ice beast hits you but does no damage.
You closely miss the centaur.
The centaur is almost dead.
You hit the ice beast.
The centaur hits you but does no damage.
The ice beast hits you but does no damage.
The centaur hits you but does no damage.
You completely miss the centaur.
The centaur is almost dead.
You slash the ice beast!
The centaur hits you but does no damage.
The ice beast completely misses you.
You slash the centaur!
You kill the centaur!
Your Shields skill increases to level 1!
You hit the ice beast. The ice beast hits you.
* * * LOW HITPOINT WARNING * * *
The ice beast freezes you!
You die...

#...#........# ###
###.....#.....## ##.#
#.............######...
##.....#..###....#.##... ###
####........#..###..#..#...
#.###.......)...#..........#...
##.##...........................
#..............).........#.#....
#..............♣...........#...#
##............Y###..#..........#
#..............##......#.....###
##.............##....##..#.....#
#.............#.........##...#.#
.#................##....###...##
.##.....###.##....##.....#######
..#.....#
#.###...........###..##
.###....#
#..##.....#............


You could see an ice beast.

Vanquished Creatures
  A centaur (D:4)
  An orc priest (D:3)
  A worker ant (D:4)
  Robin (D:3)
  4 gnolls (D:3)
  9 adders
  3 worms
  2 dart slugs
  3 leopard geckos
  5 orcs (D:3)
  5 ball pythons
  9 bats
  4 giant cockroaches
  9 hobgoblins
  6 jackals (D:4)
  4 kobolds
  A quokka (D:2)
  7 frilled lizards
  12 goblins
  A quokka skeleton (D:2)
  8 rats
96 creatures vanquished.

Notes
Turn   | Place    | Note
-------+----------+-------------------------------------------
     0 | D:1      | Ijustatesigmund the Octopode Gladiator began the quest for
                  | the Orb.
     0 | D:1      | Reached XP level 1. HP: 14/14 MP: 1/1
   116 | D:1      | Reached XP level 2. HP: 16/20 MP: 2/2
  1077 | D:2      | Reached XP level 3. HP: 25/25 MP: 3/3
  1083 | D:2      | Found a white marble altar of Elyvilon.
  1336 | D:2      | Reached skill level 4 in Axes
  1336 | D:2      | Reached XP level 4. HP: 21/31 MP: 4/4
  1463 | D:2      | Found a sparkling altar of Nemelex Xobeh.
  1463 | D:2      | Noticed Sigmund
  1782 | D:2      | Found a glowing silver altar of Zin.
  2378 | D:3      | Reached XP level 5. HP: 27/37 MP: 5/5
  2519 | D:3      | Found a bloodstained altar of Trog.
  2559 | D:3      | Found an ornate altar of the Wu Jian Council.
  3282 | D:4      | Noticed Robin
  3287 | D:3      | Killed Robin
  3680 | D:4      | Reached XP level 6. HP: 43/43 MP: 6/6
  3822 | D:4      | Found Lyicw's Armour Emporium.
  3826 | D:4      | Bought a +0 buckler for 58 gold pieces
  3833 | D:4      | Reached skill level 5 in Axes
  4328 | D:5      | Entered Level 5 of the Dungeon
  4333 | D:5      | Noticed an ice beast
  4418 | D:4      | Reached skill level 1 in Shields
  4418 | D:4      | Mangled by an ice beast

Illustrated notes

Levels and vault maps discovered:
D:1:      lightli_arrival_flooded_house, layout_basic, nrook_mini_vaults,
          chequers_serial_rivers_marsh, serial_bayou_pond_b
D:2:      minmay_alternating_diamond, layout_basic, elyvilon_altar_5,
          nicolae_overflow_hidden_temple, lemuel_coloured_pillars_altar,
          uniq_sigmund
D:3:      layout_loops_corners, lemuel_crystal_altar, old_standard_altar
D:4:      layout_cave_pools, serial_shops, nicolae_shop_trees, first_ration,
          minmay_misc_feat_pillars, uniq_robin
D:5:      layout_basic

Skill      XL: |  1  2  3  4  5  6 |
---------------+-------------------+-----
Fighting       | 3 4 |  4.6
Axes           | 4 5 |  5.2
Shields        | 1 |  1.2
Throwing       | |  2.0
Dodging        | |  3.6

Action                   |  1- 3 |  4- 6 || total
-------------------------+-------+-------++-------
Melee: War axe           |    56 |   110 ||   166
       Constrict         |    14 |    30 ||    44
       Tentacles         |     7 |    19 ||    26
  Use: Scroll            |     4 |     6 ||    10
       Potion            |       |     8 ||     8
 Stab: Sleeping          |     6 |     9 ||    15
  Eat: Chunk             |     1 |    10 ||    11
Armor: Skin              |       |    26 ||    26
Dodge: Dodged            |    35 |   108 ||   143
Block: Buckler           |       |    11 ||    11
